 Dungeon Crawl Stone Soup version 0.27.1-33-g824d729ab1 (webtiles) character file.

Game seed: 12707325443057335513

44 Descartes the Ducker (level 3, 0/16 HPs)
             Began as a Felid Warper on Nov 24, 2021.
             Slain by an adder (4 damage)
             ... on level 2 of the Dungeon.
             The game lasted 00:01:39 (2314 turns).

Descartes the Ducker (Felid Warper)                 Turns: 2314, Time: 00:01:39

Health: 0/16       AC:  1    Str:  8    XL:     3   Next: 41%
Magic:  7/7        EV: 19    Int: 14    God:
Gold:   59         SH:  0    Dex: 15    Spells: 6/6 levels left
                                        Lives:  0   Deaths: 0

rFire    . . .     SeeInvis +     - Unarmed
rCold    . . .     Faith    .   (shield unavailable)
rNeg     . . .     Spirit   .   (armour unavailable)
rPois    .         Reflect  .   (helmet unavailable)
rElec    .         Harm     .   (cloak unavailable)
rCorr    .         Rampage  .   (gloves unavailable)
Will     .....                  (boots unavailable)
Stlth    +.........             (no amulet)
HPRegen  0.05/turn              (no ring)
MPRegen  0.10/turn              (no ring)

@: quick
A: very small, claws 1, fangs 3, see invisible, speed 1, shaggy fur 1, stealthy
paws, no weapons or thrown items, no armour, multi-lived
a: no special abilities


You were on level 2 of the Dungeon.
You visited 1 branch of the dungeon, and saw 2 of its levels.

You collected 59 gold pieces.

Inventory:

Missiles
 f - 32 stones
Scrolls
 a - a scroll of blinking
 b - a scroll of holy word {unknown}
 c - a scroll of noise {unknown}
 e - a scroll of magic mapping {unknown}
Potions
 d - a potion of haste {unknown}


   Skills:
 - Level 2.0 Fighting
 * Level 4.9 Dodging
 + Level 2.6 Unarmed Combat
 - Level 2.0 Spellcasting
 - Level 4.4 Translocations


You had 6 spell levels left.
You didn't know any spells.
Your spell library contained the following spells:

 Spells                   Type           Power      Damage    Failure   Level
 Blink                    Tloc           N/A        N/A       6%          2
 Gell's Gravitas          Tloc           6%         N/A       12%         3
 Lesser Beckoning         Tloc           6%         N/A       12%         3
 Teleport Other           Tloc           13%        N/A       12%         3
 Manifold Assault         Tloc           13%        N/A       73%         5


Dungeon Overview and Level Annotations

Branches:
Dungeon (2/15)

Altars:


Innate Abilities, Weirdness & Mutations

You have sharp claws.
You have razor-sharp teeth.
You have supernaturally acute eyesight. (SInv)
You cover ground quickly. (Speed+)
You are covered in fur. (AC +1)
Your paws help you pounce on unaware monsters.
You are incapable of wielding weapons or throwing items.
You cannot wear armour.
You gain extra lives every three experience levels.


Message History

You barely miss the adder.
The adder is heavily wounded.
The adder bites you.
You are poisoned.
The adder poisons you!
The frilled lizard unfolds its giant frill.
You scratch the adder.
The adder is severely wounded.
You feel sick. The adder bites you but does no damage.
The adder closely misses you.
You scratch the adder.
The adder is severely wounded.
You feel sick. The adder misses you.
You closely miss the adder.
The adder is severely wounded.
You feel sick. The adder barely misses you.
You barely miss the adder.
The adder is severely wounded.
You feel sick. The adder bites you.
You are too injured to fight recklessly!
You are too injured to fight recklessly!
You are too injured to fight recklessly!
You are too injured to fight recklessly!
You are too injured to fight recklessly!
You are too injured to fight recklessly!
You are too injured to fight recklessly!
You are too injured to fight recklessly!
You are too injured to fight recklessly!
You are too injured to fight recklessly!
You are too injured to fight recklessly!
You are too injured to fight recklessly!
You scratch the adder. You bite the adder.
The adder is almost dead.
You feel sick.
You are no longer poisoned.
The adder barely misses you.
You scratch the adder but do no damage.
The adder is almost dead.
The adder closely misses you. The adder bites you.
You die...

......#......#.#
.............#.#
###.#.........#
####
#.........###
.....##.#......#
#........##.#
####.######.#
#..#######.# #.#
#...lS@....# .#
##.#######.# #.#
... .... ......
.....## .......


You could see an adder and a frilled lizard.

Vanquished Creatures
  3 dart slugs
  6 ball pythons (D:1)
  2 bats (D:1)
  5 endoplasms
  A giant cockroach (D:1)
  2 goblins (D:1)
  6 hobgoblins (D:1)
  3 quokkas
  3 frilled lizards (D:1)
  2 kobolds (D:1)
33 creatures vanquished.

Notes
Turn   | Place    | Note
-------+----------+-------------------------------------------
     0 | D:1      | Descartes the Felid Warper began the quest for the Orb.
     0 | D:1      | Reached XP level 1. HP: 9/9 MP: 4/4
   436 | D:1      | Reached XP level 2. HP: 2/13 MP: 6/6
  1119 | D:1      | Reached XP level 3. HP: 6/16 MP: 7/7
  1527 | D:1      | Found a faded altar of an unknown god.
  2314 | D:2      | Slain by an adder

Illustrated notes

Levels and vault maps discovered:
D:1:      dpeg_arrival_simpleton_b, layout_loops_ring,
          shapermc_ecumenical_altar_ellora
D:2:      layout_loops_ring, minivault_24

Skill      XL: |  1  2 |
---------------+-------+-----
Dodging        | 4 |  4.9
Fighting       | |  2.0
Unarmed Combat | |  2.6
Spellcasting   | |  2.0
Translocations | |  4.4

Action                   || total
-------------------------++-------
Melee: Unarmed           ||   127
       Bite              ||     8
 Stab: Sleeping          ||     4
Armor: Skin              ||     8
Dodge: Dodged            ||   104
